 Dungeon Crawl Stone Soup version 0.22.1-1-ga44c0e5 (webtiles) character file.

129 jerryfan the Bolt Thrower (level 4, -8/37 HPs)
             Began as a Minotaur Hunter on Sept 24, 2018.
             Mangled by a wyvern (11 damage)
             ... on level 3 of the Dungeon.
             The game lasted 00:05:49 (2011 turns).

jerryfan the Bolt Thrower (Minotaur Hunter)         Turns: 2011, Time: 00:05:49

Health: -8/37      AC:  3    Str: 16    XL:     4   Next: 88%
Magic:  3/3        EV: 12    Int:  8    God:
Gold:   100        SH:  0    Dex: 12    Spells: 3/3 levels left

rFire    . . .     SeeInvis .   m - +0 dagger (flame)
rCold    . . .     Gourm    .   (no shield)
rNeg     + . .     Faith    .   c - +0 leather armour
rPois    .         Spirit   .   (helmet restricted)
rElec    .         Reflect  .   (no cloak)
rCorr    .         Harm     .   (no gloves)
MR       .....                  (no boots)
Stlth    +.........             (no amulet)
HPRegen  0.12/turn              l - ring of positive energy
MPRegen  0.08/turn              (no ring)

@: no status effects
A: retaliatory headbutt, horns 2
a: no special abilities


You were on level 3 of the Dungeon.
You were not hungry.

You visited 1 branch of the dungeon, and saw 3 of its levels.

You collected 100 gold pieces.

Inventory:

Hand Weapons
 a - a +2 hand crossbow
 b - a +0 short sword
 i - a cursed -1 short sword
 m - a +0 dagger of flaming (weapon)
Armour
 c - a +0 leather armour (worn)
 k - a cursed +0 robe
Jewellery
 l - a ring of positive energy (left hand)
Wands
 e - a wand of flame (16)
Scrolls
 g - a scroll of enchant weapon
Potions
 d - a potion of lignification {unknown}
 h - 2 potions of curing {unknown}
Comestibles
 f - 6 rations
 j - 8 chunks of flesh


   Skills:
 - Level 2.4 Fighting
 + Level 1.8 Short Blades
 * Level 5.5 Crossbows
 + Level 1.7 Throwing
 + Level 3.0 Dodging
 - Level 0.7 Stealth
 + Level 0.6 Evocations


You had 3 spell levels left.
You didn't know any spells.
Your spell library was empty.

Dungeon Overview and Level Annotations

Branches:
Dungeon (3/15)

Altars:


Innate Abilities, Weirdness & Mutations

You reflexively headbutt those who attack you in melee.
You have a pair of horns on your head.


Message History

Your +0 dagger of flaming bursts into flame!
m - a +0 dagger of flaming (weapon)
Things that are here:
a dagger; a kobold corpse
f - 6 rations (gained 1) Some of the chunks of flesh in your inventory have rotted away.
A wyvern comes into view.
The wyvern hisses angrily.
There is an open door here.
Found a stone staircase leading down.
You hit the wyvern but do no damage. The wyvern bites you!!
Ouch! That really hurt!
You barely miss the wyvern. You headbutt the wyvern.
The wyvern is lightly wounded.
The wyvern bites you!
* * * LOW HITPOINT WARNING * * *
You closely miss the wyvern. Your headbutt misses the wyvern.
The wyvern is lightly wounded.
The wyvern bites you!
You die...

.....................
.)...................
...................#
...................#
.....(.............#
...............#####
...............#######
).......†......#.....###
...............'@l.....>
.....#.#.#.....#'###.##.
.#...#.#.#.........
##..#.#.#........%#
#.....#...........#
#.##.##..####....##
#.......##....#
#..#..#.##....#
...###.#.##.##.


You could see a wyvern.

Vanquished Creatures
  Jessica (D:3)
  An ooze (D:2)
  5 worms (D:2)
  3 dart slugs
  A leopard gecko (D:1)
  5 giant cockroaches (D:1)
  10 goblins
  7 hobgoblins
  6 jackals
  2 quokkas (D:2)
  8 bats
  7 frilled lizards
  12 kobolds
  4 rats
72 creatures vanquished.

Notes
Turn   | Place    | Note
-------+----------+-------------------------------------------
     0 | D:1      | jerryfan the Minotaur Hunter began the quest for the Orb.
     0 | D:1      | Reached XP level 1. HP: 18/18 MP: 0/0
    40 | D:1      | Reached XP level 2. HP: 25/25 MP: 1/1
   211 | D:1      | Reached skill level 1 in Short Blades
   459 | D:1      | Reached XP level 3. HP: 30/30 MP: 2/2
   565 | D:1      | Reached skill level 1 in Throwing
   873 | D:2      | Reached skill level 5 in Crossbows
  1296 | D:2      | Reached XP level 4. HP: 37/37 MP: 3/3
  1987 | D:3      | Noticed Jessica
  1991 | D:3      | Killed Jessica
  2006 | D:3      | Noticed a wyvern
  2011 | D:3      | Mangled by a wyvern

Skill      XL: |  1  2  3  4 |
---------------+-------------+-----
Short Blades   | 1 |  1.8
Throwing       | 1 |  1.7
Crossbows      | 5 |  5.5
Dodging        | 3 |  3.0
Fighting       | |  2.4
Stealth        | |  0.7
Evocations     | |  0.6

Action                   |  1- 3 |  4- 6 || total
-------------------------+-------+-------++-------
Melee: Short sword       |     3 |    45 ||    48
       Headbutt          |     2 |     5 ||     7
       Dagger            |       |     3 ||     3
 Fire: Hand crossbow     |    97 |    12 ||   109
  Use: Scroll            |     3 |     1 ||     4
  Eat: Chunk             |     1 |     2 ||     3
Armor: Leather armour    |     8 |     8 ||    16
Dodge: Dodged            |    25 |    27 ||    52
